 Dungeon Crawl Stone Soup version 0.29-a0-668-g12ee2bf84d (webtiles) character file.

Game seed: 1742180204961753982

148 zeratav the Sneak (level 5, -3/43 HPs)
             Began as a Formicid Fighter on June 23, 2022.
             Killed by nerve-wracking pain
             ... invoked by Grinder
              (10 damage)
             ... on level 4 of the Dungeon.
             The game lasted 00:06:29 (3068 turns).

zeratav the Sneak (Formicid Fighter)                Turns: 3068, Time: 00:06:30

Health: -3/43      AC:  6    Str: 23    XL:     5   Next: 56%
Magic:  5/5        EV:  9    Int:  7    God:
Gold:   140        SH:  5    Dex: 13    Spells: 4/4 levels left

rFire   . . .      SeeInvis +   a - +0 war axe {axe}
rCold   . . .      Faith    .   c - +0 buckler
rNeg    . . .      Spirit   .   b - +0 scale mail
rPois   .          Reflect  .   (helmet unavailable)
rElec   .          Harm     .   (no cloak)
rCorr   .          Rampage  .   (no gloves)
Will    .....                   (no boots)
Stlth   +.........              (no amulet)
HPRegen 0.14/turn               (no ring)
MPRegen 0.09/turn               (no ring)

@: no status effects
A: permanent stasis, dig shafts and tunnels, antennae 3, four strong arms
a: Dig, Shaft Self


You were on level 4 of the Dungeon.
You visited 1 branch of the dungeon, and saw 4 of its levels.

You collected 140 gold pieces.


Innate Abilities, Weirdness & Mutations

You cannot be hasted, slowed, berserked, paralysed or teleported.
You can dig through walls and to a lower floor.
You have a pair of large antennae on your head. (SInv)
Your four strong arms can wield two-handed weapons with a shield.


   Skills:
 + Level 4.6 Fighting
 - Level 2.0 Axes
 - Level 3.2 Armour
 - Level 5.0 Stealth
 - Level 4.0 Shields


You had 4 spell levels left.
You didn't know any spells.
Your spell library contained the following spells:

 Spells                   Type           Power      Damage    Failure   Level
 Sting                    Tmut/Pois      0%         1d3       82%         1
 Conjure Flame            Conj/Fire      0%         6-21      99%         3
 Ignite Poison            Fire/Tmut/Pois 0%         N/A       99%         3
 Sticky Flame             Conj/Fire      0%         2d3       100%        4

Inventory:

Hand Weapons
 a - a +0 war axe (weapon) {axe}
 r - the +5 mace of the Wolf {drain, Dex+4, mace}
   (You found it on level 3 of the Dungeon)

   A truly terrible weapon, it drains the life of any living foe it strikes.
   Dex:       It affects your dexterity (+4).
Armour
 b - a +0 scale mail (worn)
 c - a +0 buckler (worn)
Jewellery
 w - an amulet of magic regeneration {@e2}
   (You found it on level 4 of the Dungeon)
Wands
 s - a wand of light (14)
   (You found it on level 3 of the Dungeon)
Scrolls
 e - 4 scrolls of identify {unknown}
 f - 3 scrolls of teleportation {unknown}
 j - 3 scrolls of noise {unknown}
 k - a scroll of magic mapping {unknown}
 l - a scroll of brand weapon {unknown}
 m - a scroll of enchant weapon {unknown}
 n - 2 scrolls of poison {unknown}
 p - a scroll of fog {unknown}
 q - a scroll of summoning {unknown}
 t - a scroll of amnesia {unknown}
Potions
 d - a potion of might
 g - 3 potions of curing {unknown}
 h - 2 potions of lignification {unknown}
 i - a potion of magic {unknown}
 o - a potion of cancellation {unknown}
 u - a potion of brilliance {unknown}
 v - a potion of mutation {unknown}

Dungeon Overview and Level Annotations

Branches:
Dungeon (4/15) Zot: 20838
 Temple: D:4-7

Altars:

Shops:
D:1 *

Annotations:
D:4 Grinder

#.##.# #.# #.##)# #.#
#.##.###.#
#(##..##.########
#.#..............
#................
###.##.#.........
....##...############.##
#######..#..5...@s......
#..#.#########...#
#..#.....5...# #
####..#########.#
#......# #.# #.##.>.#
#.#{ #.#<.#.# ######.#
#.#..#.# #......#
#.#..#.# #.#####.......


You could see Grinder and a scorpion (blind).


Message History

A ball python is nearby!
A ball python is nearby!
The ball python misses you. The ball python grabs you.
The ball python constricts you. The ball python bites you.
The ball python constricts you.
HP[-4]
You take 4 damage, and now have 39/43 hp.
You slash the ball python!
You kill the ball python!
HP[+1] No target in view!
No target in view!
No target in view!
No target in view!
No target in view!
No target in view!
No target in view!
No target in view!
No target in view!
No target in view!
You sense a monster nearby.
HP[+3]
Your hp is fully restored (43).
Grinder comes into view.
Grinder gestures at you. Pain shoots through your body!
HP[-8]
You take 8 damage, and now have 35/43 hp.
Grinder says, "DUCK!"
Grinder blinks!
HP[+1] Really walk into that dispersal trap?
Okay, then.
Really walk into that dispersal trap?
You enter a dispersal trap!
You feel a strange sense of stasis.
There is a dispersal trap here.
HP[+1] Grinder is nearby!
Really walk into that dispersal trap?
You enter a dispersal trap!
Grinder blinks!
You feel a strange sense of stasis.
There is a dispersal trap here.
You slash Grinder! Grinder hits you! Grinder barely misses you.
HP[-7]
You take 7 damage, and now have 30/43 hp.
You closely miss Grinder. Grinder closely misses you.
HP[+1]
You barely miss Grinder.
Grinder blinks!
Really walk into that dispersal trap?
Okay, then.
You barely miss Grinder. Grinder barely misses you.
You barely miss Grinder. Grinder hits you.
You writhe in agony.
Grinder hits you.
You writhe in agony.
* * * LOW HITPOINT WARNING * * *
HP[-14]
You take 14 damage, and now have 17/43 hp.
MASSIVE DAMAGE!! (PAUSE)
You hit Grinder. Grinder hits you but does no damage.
HP[+1]
You slash Grinder! Grinder closely misses you. Grinder gestures at you.
You resist with significant effort.
You closely miss Grinder. Grinder hits you.
* * * LOW HITPOINT WARNING * * *
You writhe in agony.
* * * LOW HITPOINT WARNING * * *
HP[-4]
You take 4 damage, and now have 14/43 hp.
You barely miss Grinder. Grinder misses you.
You hit Grinder. Grinder hits you!
* * * LOW HITPOINT WARNING * * *
You writhe in agony.
* * * LOW HITPOINT WARNING * * *
Grinder barely misses you.
HP[-12]
You take 12 damage, and now have 2/43 hp.
MASSIVE DAMAGE!! (PAUSE) Really walk into that dispersal trap?
You enter a dispersal trap!
Grinder blinks! x2
You feel a strange sense of stasis.
There is a dispersal trap here.
HP[+1] HP[+1]
A giant cockroach comes into view.
HP[+1]
The giant cockroach bites you but does no damage.
You slash the giant cockroach!
You kill the giant cockroach!
HP[+1]
A scorpion comes into view.
Aiming: Bolt of Light
Press: ? - help, Q - select action, (/) - cycle Shift-Dir - straight line, f - scorpion
Aim: a scorpion (71% to hit)
The bolt of light hits the scorpion!
The scorpion is blinded.
HP[+1]
You hit the scorpion. You block the scorpion's attack. Grinder gestures at you.
Pain shoots through your body!
You die...

Skill      XL: |  1  2  3  4  5 |
---------------+----------------+-----
Stealth        | 2 3 4 5 |  5.0
Fighting       | 4 |  4.6
Axes           | |  2.0
Armour         | |  3.2
Shields        | |  4.0

Action                   |  1- 3 |  4- 6 || total
-------------------------+-------+-------++-------
Melee: War axe           |   100 |   112 ||   212
Evoke: Wand              |       |     1 ||     1
 Stab: Sleeping          |     1 |       ||     1
Armor: Scale mail        |    83 |    53 ||   136
Dodge: Dodged            |    49 |    54 ||   103
Block: Buckler           |    44 |    28 ||    72

Levels and vault maps discovered:
D:1:      sevenhm_arrival_forest_fort_large_4, layout_loops_cross, serial_shops,
          shop, chequers_avenue, kennysheep_decorative_pillar, minmay_quantized
D:2:      cheibrodos_helix_gallery, layout_basic,
          shapermc_ecumenical_altar_rom_forum
D:3:      layout_basic
D:4:      layout_basic, temple_doors_ab, uniq_grinder

Notes
Turn   | Place    | Note
-------+----------+-------------------------------------------
     0 | D:1      | zeratav the Formicid Fighter began the quest for the Orb.
     0 | D:1      | Reached XP level 1. HP: 18/18 MP: 1/1
     0 | D:1      | magus.rc [v1.9.6]
   124 | D:1      | Reached skill level 1 in Stealth
   194 | D:1      | Reached skill level 2 in Stealth
   194 | D:1      | Reached XP level 2. HP: 20/24 MP: 2/2
   378 | D:1      | Reached skill level 3 in Stealth
   517 | D:1      | Reached XP level 3. HP: 25/29 MP: 3/3
   574 | D:1      | Found Ugerirun's General Store.
  1033 | D:2      | Reached skill level 4 in Stealth
  1077 | D:2      | Reached XP level 4. HP: 35/35 MP: 4/4
  1111 | D:2      | Found the amulet of Elemental Vulnerability {rPois rF--
                  | rC-- AC+8}
  1448 | D:2      | Found a faded altar of an unknown god.
  1455 | D:2      | Got Plato's Compendium of Poisoning
  1607 | D:2      | Reached skill level 5 in Stealth
  1889 | D:3      | Reached XP level 5. HP: 31/42 MP: 5/5
  2133 | D:3      | You add the spells Conjure Flame, Ignite Poison and Sticky
                  | Flame to your library.
  2225 | D:3      | Identified the +5 mace of the Wolf {drain, Dex+4}
  2285 | D:3      | Reached skill level 4 in Fighting
  3012 | D:4      | Noticed Grinder
  3038 | D:4      | HP: 6/43 [Grinder (8)]
  3038 | D:4      | HP: 2/43 [Grinder (4)]
  3068 | D:4      | Killed from afar by Grinder

Vanquished Creatures
  An iguana (D:4)
  3 adders
  3 worms
  A dart slug (D:3)
  6 orcs (D:3)
  4 ball pythons
  5 endoplasms
  2 giant cockroaches
  8 goblins
  7 hobgoblins
  4 jackals (D:2)
  6 quokkas
  12 bats
  2 frilled lizards
  4 kobolds
  2 rats
70 creatures vanquished.

Table legend:
 A = Non-vault XP
 B = Vault XP
 C = Vault XP percentage of total XP
 D = Non-vault monster count
 E = Vault monster count
 F = Vault count percentage of total count
                 A         B        C        D         E       F
            +---------+---------+-------+---------+---------+-------
      Total |     195 |      17 |   8.0 |      66 |       4 |   5.7
            +---------+---------+-------+---------+---------+-------
        D:1 |      42 |       3 |   6.7 |      24 |       2 |   7.7
        D:2 |      51 |      14 |  21.5 |      19 |       2 |   9.5
        D:3 |      57 |       0 |   0.0 |      19 |       0 |   0.0
        D:4 |      45 |       0 |   0.0 |       4 |       0 |   0.0
            +---------+---------+-------+---------+---------+-------

Illustrated notes

Table legend:
 A = Kills in this place as a percentage of kills in entire the game.
 B = Kills by you in this place as a percentage of kills by you in the entire game.
 C = Kills by friends in this place as a percentage of kills by friends in the entire game.
 D = Other kills in this place as a percentage of other kills in the entire game.
 E = Experience gained in this place as a percentage of experience gained in the entire game.
 F = Experience gained in this place divided by the number of levels of this place that you have seen.
                   A       B       C       D       E      F
               +-------+-------+-------+-------+-------+----------------------
         Total | 100.0 | 100.0 |   N/A |   N/A | 100.0 |  53.0
       Dungeon | 100.0 | 100.0 |   N/A |   N/A | 100.0 |  53.0
               +-------+-------+-------+-------+-------+----------------------

Table legend: (Time is in decaauts)
 A = Elapsed time spent in this place.
 B = Non-inter-level travel time spent in this place.
 C = Inter-level travel time spent in this place.
 D = Time resting spent in this place.
 E = Time spent auto-exploring this place.
 F = Levels seen in this place.
 G = Mean time per level.
                   A        B        C        D        E       F      G
               +--------+--------+--------+--------+--------+-----+--------+
         Total |   3159 |   3069 |     90 |      0 |   2451 |   4 |  789.8 |
       Dungeon |   3159 |   3069 |     90 |      0 |   2451 |   4 |  789.8 |
               +--------+--------+--------+--------+--------+-----+--------+

Top non-repeatable levels by time:
     D:1: 1064 daAuts
     D:3: 905 daAuts
     D:2: 797 daAuts
     D:4: 392 daAuts
